 Dungeon Crawl Stone Soup version 0.28.0-53-g5a82cb258f (webtiles) character file.

Game seed: 13116301684457973219

2807 ILmort the Basher (level 9, -6/86 HPs)
             Began as a Minotaur Berserker on Aug 14, 2022.
             Was a Priest of Trog.
             Mangled by a gnoll
             ... wielding a +0 spear
              (7 damage)
             ... on level 7 of the Dungeon.
             The game lasted 00:16:20 (6124 turns).

ILmort the Basher (Minotaur Berserker)              Turns: 6124, Time: 00:16:21

Health: -6/86      AC: 15    Str: 26    XL:     9   Next: 44%
Magic:  8/8        EV:  9    Int:  4    God:    Trog [***...]
Gold:   579        SH:  0    Dex: 10    Spells: 8/8 levels left

rFire   . . .      SeeInvis .   a - +0 mace (flame)
rCold   . . .      Faith    .   (no shield)
rNeg    + . .      Spirit   .   o - +1 chain mail
rPois   .          Reflect  .   (helmet restricted)
rElec   .          Harm     .   (no cloak)
rCorr   .          Rampage  .   (no gloves)
Will    .....                   (no boots)
Stlth   ..........              (no amulet)
HPRegen 0.24/turn               i - +4 ring of protection
MPRegen 0.11/turn               q - ring of positive energy

@: lethally poisoned (-6 -> -27), on berserk cooldown, slowed, very slow
A: horns 2, retaliatory headbutt
a: Renounce Religion, Berserk, Trog's Hand


You were on level 7 of the Dungeon.
You worshipped Trog.
Trog was most pleased with you.
You visited 1 branch of the dungeon, and saw 7 of its levels.

You collected 579 gold pieces.

Inventory:

Hand Weapons
 a - a +0 mace of flaming (weapon)
 v - a +0 giant spiked club
Missiles
 l - a throwing net (quivered)
Armour
 o - a +1 chain mail (worn)
 w - the +0 leather armour of Otok {Drain rF+ Dex+4}
   (You found it on level 6 of the Dungeon)

   Dex:       It affects your dexterity (+4).
   rF:        It protects you from fire.
   Drain:     It drains your maximum health when unequipped.
Jewellery
 h - an amulet of reflection
 i - a +4 ring of protection (left hand)
 q - a ring of positive energy (right hand)
Scrolls
 b - a scroll of vulnerability
 d - 3 scrolls of noise
 e - a scroll of fog
 f - 2 scrolls of magic mapping
 j - a scroll of amnesia {unknown}
 p - a scroll of enchant armour
 s - a scroll of brand weapon
Potions
 c - a potion of flight {unknown}
 g - a potion of invisibility {unknown}
 k - 2 potions of might
 m - 2 potions of attraction
 n - 2 potions of heal wounds
 r - 2 potions of haste
 t - a potion of brilliance {unknown}
 z - a potion of degeneration {unknown}


   Skills:
 * Level 10.3 Fighting
 + Level 10.9 Maces & Flails
 + Level 7.1 Armour
 - Level 2.1 Dodging


You had 8 spell levels left.
You didn't know any spells.
Your spell library was empty.

Dungeon Overview and Level Annotations

Branches:
Dungeon (7/15)             Temple (0/1) D:5

Altars:
Fedhas
Gozag
Nemelex Xobeh
Zin

Shops:
D:7 *

Annotations:
D:3 exclusion: downstairs
D:7 1 transporter, ptr's ghost, novice GrFi


Innate Abilities, Weirdness & Mutations

You have a pair of horns on your head.
You reflexively headbutt those who attack you in melee.


Message History

The gnoll sergeant hits you with a +2 trident of flaming.
The gnoll sergeant burns you. The gnoll hits you but does no damage.
The gnoll barely misses you.
You hit the gnoll sergeant. You burn the gnoll sergeant.
Your headbutt misses the gnoll sergeant.
You feel very sick.
The gnoll sergeant hits you with a +2 trident of flaming.
The gnoll sergeant burns you. The gnoll hits you but does no damage.
The gnoll hits you with a +1 spear of venom.
You hit the gnoll sergeant. You burn the gnoll sergeant.
You headbutt the gnoll sergeant.
You feel sick.
The gnoll sergeant hits you with a +2 trident of flaming!
The gnoll sergeant burns you. The gnoll closely misses you.
The gnoll hits you with a +1 spear of venom.
* * * LOW HITPOINT WARNING * * *
The gnoll shaman hits you but does no damage.
You thump the gnoll shaman! You burn the gnoll shaman.
You feel sick.
The gnoll sergeant hits you with a +2 trident of flaming.
* * * LOW HITPOINT WARNING * * *
The gnoll sergeant burns you.
* * * LOW HITPOINT WARNING * * *
The gnoll closely misses you. The gnoll shaman barely misses you.
The gnoll hits you with a +1 spear of venom.
* * * LOW HITPOINT WARNING * * *
You are more poisoned.
You hit the gnoll shaman but do no damage.
You feel very sick. The gnoll sergeant barely misses you.
The gnoll hits you from afar with a +0 spear.
* * * LOW HITPOINT WARNING * * *
The gnoll shaman hits you but does no damage.
The gnoll hits you with a +1 spear of venom.
* * * LOW HITPOINT WARNING * * *
You are more poisoned.
The gnoll sergeant hits you with a +2 trident of flaming.
* * * LOW HITPOINT WARNING * * *
The gnoll sergeant burns you.
* * * LOW HITPOINT WARNING * * *
The gnoll hits you from afar with a +0 spear!
You die...

.....≈≈####.....####≈≈.# #..#
##...≈≈#g.#8###8#..#≈≈.# #..#
#...≈≈#..###.###..#≈≈.## #..#
#...≈≈#.?.........#≈≈..# #..#
#.#.≈≈###.##'##.###≈≈..# #..#
##.#.≈≈..#.#...#.#..≈≈..###..#
...#.≈≈.##.#..[#g##.≈≈.......#
####.≈≈.#©.#.:W#gg#.≈≈..######
.....≈≈.##.#####@##.≈≈..#
####.≈≈).#.#8⌠8#g#......#
#.≈≈.©#.g.©.)g#©.....#
#.≈≈..#.#..P#.#......#
#.≈≈.##.##.##.##.≈≈..#
#.≈≈.#..#...#..#.≈≈..#
#.≈≈.##.'...'.##.≈≈.!#
#.≈≈..#.#P.P#.#..≈≈..#
#.≈≈###.##'##.###≈≈..#


You could see a gnoll sergeant, a gnoll shaman, ptr's ghost and 3 gnolls.

Vanquished Creatures
  The ghost of kalagan the Conjurer, an amateur DECj (D:5)
  The ghost of ILmort the Firebug, an amateur OgFE (D:3)
  Menkaure (D:4)
  A water moccasin (D:7)
  2 sky beasts
  2 black bears
  2 ice beasts
  2 necrophages (D:5)
  3 ogres
  A centaur (D:6)
  A kobold brigand (D:7)
  A bullfrog (D:6)
  Blork the orc (D:5)
  4 gnoll sergeants
  A scorpion (D:5)
  2 hounds
  3 centaur zombies
  A centaur skeleton (D:7)
  A gnoll shaman (D:7)
  A jelly (D:5)
  2 orc priests
  2 iguanas
  4 orc wizards
  6 adders
  12 gnolls
  A shadow imp (D:6)
  A white imp (D:6)
  An ufetubus (D:5)
  An adder skeleton (D:4)
  A worm (D:2)
  2 dart slugs
  11 orcs
  8 endoplasms
  3 giant cockroaches
  12 goblins
  5 hobgoblins
  5 jackals (D:2)
  5 kobolds
  A quokka (D:2)
  5 ball pythons
  2 bats
  A frilled lizard (D:3)
  4 rats
127 creatures vanquished.

Vanquished Creatures (others)
  4 plants
  2 withered plants (D:5)
6 creatures vanquished.

Grand Total: 133 creatures vanquished

Notes
Turn   | Place    | Note
-------+----------+-------------------------------------------
     0 | D:1      | ILmort the Minotaur Berserker began the quest for the Orb.
     0 | D:1      | Reached XP level 1. HP: 19/19 MP: 0/0
   323 | D:1      | Reached XP level 2. HP: 21/26 MP: 1/1
   954 | D:2      | Reached skill level 5 in Maces & Flails
  1000 | D:2      | Reached ** piety under Trog
  1001 | D:2      | Reached XP level 3. HP: 31/31 MP: 2/2
  1517 | D:3      | Noticed ILmort's ghost (amateur OgFE)
  1562 | D:3      | Found a faded altar of an unknown god.
  1702 | D:3      | Found a runed translucent gate.
  1705 | D:3      | Found a runed translucent gate.
  1706 | D:3      | Found a runed translucent gate.
  1787 | D:3      | Killed ILmort's ghost
  1788 | D:3      | Reached XP level 4. HP: 39/39 MP: 3/3
  1788 | D:3      | Reached XP level 5. HP: 45/45 MP: 4/4
  1873 | D:4      | Noticed a black bear
  1875 | D:4      | Noticed Menkaure
  2149 | D:4      | Killed Menkaure
  2150 | D:4      | Reached XP level 6. HP: 51/51 MP: 5/5
  2758 | D:5      | Entered Level 5 of the Dungeon
  2762 | D:5      | Reached XP level 7. HP: 60/60 MP: 6/6
  2809 | D:5      | Reached skill level 5 in Fighting
  3075 | D:5      | Found a sparkling altar of Nemelex Xobeh.
  3188 | D:5      | Found a runed translucent door.
  3188 | D:5      | Noticed kalagan's ghost (amateur DECj)
  3199 | D:5      | Killed kalagan's ghost
  3200 | D:5      | Reached XP level 8. HP: 71/71 MP: 7/7
  3272 | D:5      | Found a staircase to the Ecumenical Temple.
  3524 | D:5      | Noticed Blork the orc
  3528 | D:5      | Killed Blork the orc
  3544 | D:5      | Found an opulent altar of Gozag.
  3600 | D:5      | Reached skill level 5 in Armour
  4395 | D:6      | Found a blossoming altar of Fedhas.
  4407 | D:6      | Reached skill level 10 in Maces & Flails
  4465 | D:6      | Reached *** piety under Trog
  4589 | D:6      | Identified the +0 leather armour of Otok {Drain rF+ Dex+4}
  5366 | D:7      | Identified a scroll of acquirement
  5366 | D:7      | Acquired 243 gold pieces
  5376 | D:7      | Reached XP level 9. HP: 83/83 MP: 8/8
  5750 | D:7      | Reached skill level 10 in Fighting
  5817 | D:7      | Found a transporter.
  5945 | D:7      | Found Zin's Purification Station.
  5950 | D:7      | Found a glowing silver altar of Zin.
  6086 | D:7      | Found a transporter.
  6095 | D:7      | Noticed ptr's ghost (novice GrFi)
  6111 | D:7      | Identified the amulet "Qilaybb" {RegenMP Dex+4}
  6124 | D:7      | HP: 3/86 [gnoll sergeant/+2 trident of flaming (3)]
  6124 | D:7      | HP: 1/86 [gnoll sergeant/+2 trident of flaming (2)]
  6124 | D:7      | Mangled by a gnoll

Illustrated notes

Levels and vault maps discovered:
D:1:      co_arrival_square_in_a_square_in_a_square, layout_loops_ring,
          serial_glass, glass_columns_b, glass_columns_a, minmay_cupped
D:2:      layout_basic
D:3:      layout_rooms, gammafunk_ghost_split,
          hellmonk_ecumenical_altar_inner_sanctum
D:4:      layout_cave_pools, uniq_menkaure
D:5:      layout_loops_ring, marbit_many_paths, mainiacjoe_overflow_24_doors,
          minmay_temple_entry_large_hall, gammafunk_ghost_grave,
          nicolae_figureground_sparkle, uniq_blork_the_orc
D:6:      layout_loops_corners, fedhas_ov_isle_minmay
D:7:      layout_loops_ring, zin_purify, gammafunk_ghost_gnarly_gnolls

Skill      XL: |  1  2  3  4  5  6  7  8  9 |
---------------+----------------------------+-----
Maces & Flails | 4 5 7 8 9 10 | 10.9
Fighting       | 4 6 9 10 | 10.3
Armour         | 3 4 6 7 |  7.1
Dodging        | |  2.1

Action                   |  1- 3 |  4- 6 |  7- 9 || total
-------------------------+-------+-------+-------++-------
Melee: Mace              |    89 |    38 |   222 ||   349
       Headbutt          |    11 |     7 |    48 ||    66
       Punch             |       |       |     4 ||     4
Invok: Berserk           |     1 |     3 |     9 ||    13
  Use: Scroll            |       |       |    14 ||    14
       Potion            |       |       |     1 ||     1
 Stab: Sleeping          |     1 |       |       ||     1
Armor: Animal skin       |     2 |       |       ||     2
       Ring mail         |    19 |       |       ||    19
       Chain mail        |       |    25 |   126 ||   151
Dodge: Dodged            |    61 |     6 |    87 ||   154
